 Dungeon Crawl Stone Soup version 0.15-a0-1506-g1b030bc (webtiles) character file.

189 Crauler the Insei (level 5, 0/42 HPs)
             Began as a Demonspawn Monk on June 15, 2014.
             Slain by Eustachio
             ... wielding a +6,+2 falchion of holy wrath
              (10 damage)
             ... on Level 4 of the Dungeon.
             The game lasted 00:11:48 (3840 turns).

Crauler the Insei (Demonspawn Monk)                 Turns: 3840, Time: 00:11:50

HP   0/42        AC  5     Str 12      XL: 5   Next: 40%
MP   5/5         EV 14     Int 11      God:
Gold 180         SH  0     Dex 16      Spells:  0 memorised,  4 levels left

rFire  . . .     SeeInvis .       - Unarmed
rCold  . . .     Clarity  .     a - +0 robe
rNeg   . . .     rCorr    .     (no shield)
rPois  .         rRot     .     (helmet restricted)
rElec  .         Spirit   .     v - +2 cloak
SustAb .         Warding  .     (no gloves)
rMut   .         Stasis   .     (no boots)
Gourm  .                        (no amulet)
MR     +....                    (no ring)
                                h - ring of protection from magic

@: somewhat resistant to hostile enchantments, unstealthy
A: claws 1, horns 1, talons 1
a: no special abilities


You were on level 4 of the Dungeon.
You were not hungry.

You visited 1 branch of the dungeon, and saw 4 of its levels.

You collected 180 gold pieces.

Inventory:

Missiles
 g - 5 tomahawks (quivered)
 l - 11 poisoned needles
Armour
 a - a +0 robe (worn)
 v - a +2 cloak (worn)
Comestibles
 b - 3 bread rations
 p - a meat ration
 x - a fruit
Scrolls
 c - a scroll of magic mapping {unknown}
 d - 2 scrolls of fog {unknown}
 f - 2 scrolls of identify {unknown}
 j - a scroll of fear {unknown}
 m - a scroll of enchant armour {unknown}
 n - 2 scrolls of noise {unknown}
 q - 2 scrolls of remove curse {unknown}
 t - a scroll of amnesia {unknown}
 w - a scroll of immolation {unknown}
Jewellery
 h - a ring of protection from magic (left claw)
Potions
 e - a potion of agility
 i - 3 potions of heal wounds
 k - 2 potions of restore abilities
 o - a potion of curing
 r - a potion of flight {unknown}
 s - a potion of haste


   Skills:
 + Level 3.9 Fighting
 * Level 3.7 Dodging
 + Level 2.3 Stealth
 * Level 4.7 Unarmed Combat


You had 4 spell levels left.
You didn't know any spells.

Dungeon Overview and Level Annotations

Branches:
Dungeon (4/15)
 Temple: D:4-7

Altars:
Elyvilon
Vehumet
Xom
Zin
The Shining One

Annotations:
D:2 Jessica
D:4 Eustachio


Innate Abilities, Weirdness & Mutations

You have sharp fingernails.
You have a pair of small horns on your head.
You have sharp toenails.


Message History

Eustachio splashes around in the water.
The rat completely misses you.
The quokka bites you but does no damage.
You miss Eustachio. You claw Eustachio, but do no damage.
Eustachio is heavily wounded.
The bat closely misses you.
Eustachio casts a spell.
The quokka bites you. The rat barely misses you. The bat closely misses you.
You closely miss Eustachio.
Eustachio is heavily wounded.
The bat disappears in a puff of smoke!
The quokka splashes around in the water.
Eustachio zaps a wand.
The puff of frost misses you.
You barely miss Eustachio.
Eustachio is heavily wounded.
The rat closely misses you. The green rat bites you!
The quokka splashes around in the water.
Eustachio hits you with a falchion of holy wrath!
* * * LOW HITPOINT WARNING * * *
You convulse!
You die...

#..### #.## #.# #......... ####
..........###### #######...
##.............$#######.....####
#..........................# #
#.#.#......≈≈rrr.#########.# #
#..........≈≈@@..# #.# #
#.#.#......≈≈§r..# #.#### #..
.....≈≈≈...# #..... #....8...##
###### #.......## # ####...## #
#### # # #


You could see Eustachio (bleeding), a green rat, a quokka and 2 rats.

Vanquished Creatures
  A centaur skeleton (D:4)
  An iguana (D:4)
  3 adders
  A worm (D:2)
  An adder skeleton (D:4)
  3 giant geckos
  14 orcs
  2 ball pythons
  10 goblins
  11 hobgoblins
  8 kobolds
  7 bats
  4 giant cockroaches
  A giant newt (D:1)
  A gnoll skeleton (D:4)
  A hobgoblin skeleton (D:4)
  7 rats
76 creatures vanquished.

Notes
Turn   | Place    | Note
--------------------------------------------------------------
     0 | D:1      | Crauler, the Demonspawn Monk, began the quest for the Orb.
     0 | D:1      | Reached XP level 1. HP: 18/18 MP: 1/1
   487 | D:1      | Gained mutation: You have a pair of small horns on your head. [demonic ancestry]
   487 | D:1      | Reached XP level 2. HP: 12/24 MP: 2/2
   910 | D:1      | Reached skill level 4 in Unarmed Combat
  1124 | D:2      | Reached XP level 3. HP: 24/29 MP: 3/3
  1258 | D:2      | Noticed Jessica
  1315 | D:2      | Found a radiant altar of Vehumet.
  2051 | D:2      | Found a white marble altar of Elyvilon.
  2051 | D:2      | Found a glowing silver altar of Zin.
  2052 | D:2      | Found a glowing golden altar of the Shining One.
  2362 | D:3      | Found a shimmering altar of Xom.
  2451 | D:3      | Found a shimmering altar of Xom.
  2454 | D:3      | Found a shimmering altar of Xom.
  2455 | D:3      | Found a shimmering altar of Xom.
  2557 | D:3      | Gained mutation: You have sharp fingernails. [demonic ancestry]
  2557 | D:3      | Reached XP level 4. HP: 35/35 MP: 4/4
  2845 | D:3      | Paralysed by a potion of paralysis for 5 turns
  3462 | D:4      | Noticed Eustachio
  3731 | D:4      | Gained mutation: You have sharp toenails. [demonic ancestry]
  3731 | D:4      | Reached XP level 5. HP: 26/42 MP: 5/5
  3840 | D:4      | Slain by Eustachio

Action                   |  1- 3 |  4- 6 || total
-------------------------+-------+-------++-------
Melee: Unarmed           |   129 |   103 ||   232
  Use: Potion            |       |     8 ||     8
 Stab: Sleeping          |     5 |     2 ||     7
